Unix NetHack Version 3.7.0-73 Work-in-progress - last build Feb 17 2023 02:16:44 (48fe2e8c4a70f1d2d5b622443eb9b5bc1b8d05f7,branch:master). Game began 2023-02-22 22:03:51, ended 2023-02-22 23:10:02. Gandelf, neutral male human Monk ------- ------- |.....|-- |..|.>| |.....+.| |.....| --|.....|-| |.--.--- |.+.....+.| --.|..0m---- |.|.....|-| --..|...@...| |.|.....+.| |..0|---0...| |.|.....|-- |.0.|..|....| |.|------ |..0|.......| |.| --0.....|....-- |.| |.00.|%.|.....| |.| |..0.|--|0....| |.| |...-- --.|..| |.| ----- |.---- |.-------------------..| |./^^^^%^^^.........%..| ------------------------ Gandelf the Initiate St:17 Dx:16 Co:16 In:10 Wi:12 Ch:10 Neutral S:7071 Dlvl:4 $:56 HP:0(61) Pw:42(42) AC:2 Xp:8/1563 T:6666 Satiated Burdened Latest messages: You hear a chugging sound. You hear someone reading a scroll labeled VERR YED HORRE. Call a scroll labeled VERR YED HORRE: s You hear a door open. You see here a gecko corpse. You hear a door open. The boulder won't roll diagonally on this floor. With great effort you move the boulder. With great effort you move the boulder. With great effort you move the boulder. With great effort you move the boulder. With great effort you move the boulder. The jaguar hits! The jaguar hits! The jaguar bites! The jaguar hits! The jaguar hits! The jaguar bites! You hit the jaguar! The jaguar hits! The jaguar hits! The jaguar bites! You hit the jaguar! You hit the jaguar! The jaguar hits! The jaguar hits! The jaguar bites! The jaguar misses! The jaguar hits! The jaguar misses! You kill the jaguar! With great effort you move the boulder. With great effort you move the boulder. You see here a gecko corpse. The boulder falls into and plugs a hole in the floor! You see here a gecko corpse. With great effort you move the boulder. You see here a gecko corpse. The boulder falls into and plugs a hole in the floor! You see here a gecko corpse. Wait! That's a giant mimic! You hit the giant mimic! The giant mimic hits! The giant mimic hits! You hit the giant mimic! You hit the giant mimic! The giant mimic hits! The giant mimic hits! You die... Do you want your possessions identified? [ynq] (y) q Inventory: Coins $ - 56 gold pieces Amulets H - an uncursed amulet of guarding (being worn) Weapons Y - 5 blessed +0 crossbow bolts (in quiver pouch) O - 9 +1 darts m - 7 +0 darts c - a +0 elven spear Armor W - an uncursed +2 pair of leather gloves (being worn) b - an uncursed +1 robe (being worn) Comestibles h - 4 uncursed apples P - 5 uncursed carrots q - 2 uncursed cream pies z - 2 uncursed fortune cookies y - 2 uncursed pancakes C - a cursed egg Scrolls s - 2 uncursed scrolls of earth Potions e - an uncursed potion of confusion B - a cursed diluted potion of gain ability p - an uncursed potion of monster detection w - 2 uncursed potions of water Rings o - a cursed -2 ring of increase accuracy f - a cursed -1 ring of increase damage k - an uncursed ring of levitation t - an uncursed ring of see invisible Wands u - a wand of cold (0:6) N - a wand of create monster (0:14) S - a wand of create monster (0:13) M - a cursed wand of light (0:10) j - a wand of magic missile (0:4) i - a wand of polymorph (0:3) F - a wand of secret door detection (0:14) v - a wand of secret door detection (0:13) L - a cursed wand of secret door detection (0:12) r - a wand of teleportation (0:5) Tools A - an uncursed bag of holding containing 40 items T - an empty uncursed bag of holding X - a bag of tricks (0:17) l - an uncursed leash G - an uncursed leash d - a cursed magic lamp a - an uncursed magic whistle K - an uncursed mirror V - an uncursed skeleton key x - an uncursed towel Z - an uncursed towel Gems/Stones n - an uncursed rock Contents of the bag of holding: 353 gold pieces a cursed -1 pair of fumble boots an uncursed +0 pair of jumping boots an uncursed +0 pair of iron shoes an uncursed +0 cloak of invisibility an uncursed +0 dwarvish cloak an uncursed +0 dwarvish cloak an uncursed scroll of enchant weapon an uncursed scroll of destroy armor a cursed scroll of teleportation an uncursed scroll of stinking cloud an uncursed scroll of fire a cursed scroll of magic mapping a cursed scroll of identify 2 uncursed scrolls of identify an uncursed scroll of remove curse 2 cursed scrolls of remove curse an uncursed spellbook of confuse monster an uncursed spellbook of haste self a blessed spellbook of healing a blessed potion of speed an uncursed potion of paralysis an uncursed potion of gain energy an uncursed potion of object detection 3 uncursed potions of water 2 potions of unholy water 15 uncursed potions of water an uncursed ring of warning a cursed -1 ring of increase accuracy a +0 pick-axe an uncursed jet stone 2 uncursed worthless pieces of black glass an uncursed worthless piece of green glass a cursed worthless piece of green glass 2 uncursed worthless pieces of orange glass an uncursed jasper stone an uncursed worthless piece of red glass an uncursed worthless piece of violet glass 3 uncursed worthless pieces of yellow glass an uncursed worthless piece of yellowish brown glass Gandelf the Monk's attributes: Background: You were an Initiate, a level 8 male human Monk. You were neutral, on a mission for Chih Sung-tzu who was opposed by Shan Lai Ching (lawful) and Huan Ti (chaotic). You were in Sokoban, on level 4. You entered the dungeon 6666 turns ago. It was nighttime. There was a new moon in effect when your adventure ended. You had 1563 experience points, 997 more were needed to attain level 9. Your score was 7071 before end-of-game adjustments. Basics: You had 0 out of 61 hit points. You had all 42 energy points (spell power). Your armor class was 2. Your wallet contained 56 zorkmids, and you had 353 more stashed away in your pack. Autopickup was off. Final Characteristics: Your strength was 17 (limit:18/100). Your dexterity was 16 (limit:18). Your constitution was 16 (limit:18). Your intelligence was 10 (limit:18). Your wisdom was 12 (limit:18). Your charisma was 10 (limit:18). Final Status: You were held by a giant mimic (north). You were satiated. You were burdened; movement was slightly slowed. You were empty handed. You were skilled in martial arts and could have enhanced that. Final Attributes: You were piously aligned. You were sleep resistant. You were poison resistant. You saw invisible. You were warned. You were stealthy. You had a small defense bonus (+2). You were protected. You were fast. You are dead. Miscellaneous: You encountered 1 bones level. Total elapsed playing time was 1 hour, 6 minutes and 11 seconds. Major events: Turn 1: Gandelf the neutral male human Monk entered the dungeon 416: entered the Gnomish Mines 454: attained the rank of Novice (level 3) 1785: attained the rank of Initiate (level 6) 3723: destroyed nurdglaw's ghost, the former Esquire 4112: entered Sokoban 4629: completed 1st Sokoban level 5644: completed 2nd Sokoban level 6252: completed 3rd Sokoban level 6666: killed by a giant mimic Vanquished creatures: a ghost a large mimic a wood golem a tengu an elf mummy a quivering blob 2 leprechauns an iron piercer an ice vortex a black light an owlbear 2 lizards a housecat 3 jaguars 2 dust vortices a raven 2 apes a human zombie an imp 2 water nymphs 12 Mordor orcs 2 Uruk-hai a rock mole 3 fog clouds a violet fungus 3 gnome leaders 2 gray oozes 2 giant ants 2 floating eyes 3 dwarves 2 homunculi a kobold leader 3 hill orcs 2 rothes a centipede 4 orc zombies an iguana 4 killer bees an acid blob 2 gas spores 4 hobbits 15 manes 10 giant rats a yellow mold 16 gnomes 3 geckos 8 jackals 4 foxes a kobold 3 goblins 4 grid bugs a lichen 2 newts 151 creatures vanquished. No species were genocided or became extinct. Voluntary challenges: You never hit with a wielded weapon. You read items or engraved 1 time. You never engraved Elbereth. You never genocided any monsters. You never polymorphed an object. You never changed form. You used no wishes. You did not violate any of the special Sokoban rules. Achievements: You entered the Gnomish Mines. You attained the rank of Novice. You entered a shop. You attained the rank of Initiate. You entered Sokoban. The Dungeons of Doom: levels 1 to 9 Level 1: Level 2: A shop, a fountain, a sink. Stairs down to The Gnomish Mines. Level 3: Level 4: A fountain. Level 5: A fountain. Level 6: A potion shop. Level 7: Oracle of Delphi. Final resting place for nurdglaw-Kni-Hum-Fem-Law, killed by a hill orc. Level 8: Stairs up to Sokoban, level 7. Level 9: The Gnomish Mines: levels 3 to 5 Level 3: Level 4: Level 5: Sokoban: levels 7 up to 4 Level 4: <- You were here. Unsolved. Final resting place for you, killed by a giant mimic. Level 5: Solved. Level 6: Solved. Level 7: Solved. Game over: ---------- / \ / REST \ / IN \ / PEACE \ / \ | Gandelf | | 409 Au | | killed by a | | giant mimic | | | | | | 2023 | *| * * * | * _________)/\\_//(\/(/\)/\//\/|_)_______ Goodbye Gandelf the Monk... You died in Sokoban on dungeon level 4 with 7031 points, and 409 pieces of gold, after 6666 moves. You were level 8 with a maximum of 61 hit points when you died.